[Event "ICC tourney 2891 (30 10)"]
[Site "Internet Chess Club"]
[Date "2022.04.23"]
[Round "3"]
[White "JIN, JERRY:MysteryHunter"]
[Black "Elkon, Alex N:Sprinless"]
[Result "0-1"]
[ICCResult "White resigns"]
[WhiteElo "1595"]
[BlackElo "1605"]
[Opening "Caro-Kann: two knights, 3...Bg4"]
[ECO "B11"]
[NIC "CK.01"]
[Time "16:00:49"]
[PlyCount "90"]
[TimeControl "1800+10"]

1. e4 c6 2. Nc3 d5 3. Nf3 Bg4 4. h3 Bxf3 5. Qxf3 e6 6. Be2 d4 7. Nb1 Nf6 8.
O-O c5 9. c3 Nc6 10. Bb5 Qb6 11. Bxc6+ Qxc6 12. d3 Bd6 13. Bg5 Nd7 14. Nd2
dxc3 15. bxc3 Ne5 16. Qe2 O-O 17. f4 Ng6 18. f5 exf5 19. exf5 Rfe8 20. Qf2
Ne5 21. d4 Nd3 22. Qf3 Qxf3 23. Rxf3 Ne1 24. Rf1 Nc2 25. Rab1 cxd4 26. cxd4
Nxd4 27. Rxb7 Bc5 28. Kh2 f6 29. Bh4 Ne2 30. Rd1 Bd6+ 31. Kh1 Rad8 32. Nc4
Bc5 33. Rdd7 Rxd7 34. Rxd7 Rb8 35. Nd2 Be3 36. Kh2 Bf4+ 37. g3 Bh6 38. Nc4
Nc3 39. Rxa7 Rc8 40. Nd6 Rd8 41. Nf7 Rd2+ 42. Kh1 Be3 43. g4 Rd1+ 44. Kg2
Bxa7 45. Bg3 Kxf7 {White resigns} 0-1

[Event "ICC tourney 2891 (30 10)"]
[Site "Internet Chess Club"]
[Date "2022.04.23"]
[Round "3"]
[White "KHAIS, STEVEN:methodX17"]
[Black "YUAN, SERENA:doudou2011"]
[Result "0-1"]
[ICCResult "White resigns"]
[WhiteElo "1501"]
[BlackElo "1651"]
[Opening "QGD: 3...Nf6"]
[ECO "D35"]
[NIC "QO.16"]
[Time "16:00:46"]
[PlyCount "108"]
[TimeControl "1800+10"]

1. c4 Nf6 2. d4 e6 3. Nc3 d5 4. e3 Be7 5. Nf3 O-O 6. c5 b6 7. cxb6 cxb6 8.
g3 Bb7 9. Bg2 Ba6 10. Ne5 Qc7 11. Nd3 Nc6 12. a3 Rfd8 13. O-O Rac8 14. Re1
Na5 15. h4 Nc4 16. h5 Nxa3 17. bxa3 Qxc3 18. Nb2 Bxa3 19. Rb1 Bb4 20. Bf1
Qxe1 21. Qxe1 Bxe1 22. Bxa6 Rc2 23. Nd3 Ba5 24. h6 gxh6 25. Ba3 Ne4 26. Be7
Rd7 27. Bh4 Rdc7 28. Rf1 Nd2 29. Ra1 Nf3+ 30. Kg2 Nxh4+ 31. gxh4 f6 32. Kf3
Rg7 33. Nf4 Kf7 34. Nh5 Rg8 35. Bd3 Rc3 36. Rd1 e5 37. Bxh7 e4+ 38. Kf4 Rg2
39. Rd2 Rc1 40. Re2 Rf1 41. Bxe4 dxe4 42. Kxe4 Rfxf2 43. Rxf2 Rxf2 44. d5
Bb4 45. Kd4 a5 46. Nf4 Bc5+ 47. Kd3 Rxf4 48. exf4 a4 49. Kc4 a3 50. Kb3 Ke7
51. h5 Kd6 52. f5 Kxd5 53. Ka2 Ke5 54. Kb3 Kxf5 {White resigns} 0-1

[Event "ICC tourney 2891 (30 10)"]
[Site "Internet Chess Club"]
[Date "2022.04.23"]
[Round "3"]
[White "Stetsenko, Roman:Ilyastet"]
[Black "Fong, Kevin:kleong12"]
[Result "0-1"]
[ICCResult "White forfeits on time"]
[WhiteElo "1900"]
[BlackElo "1811"]
[Opening "Queen's pawn game, Darooha variation "]
[ECO "D11"]
[NIC "QP.09"]
[Time "16:00:48"]
[PlyCount "72"]
[TimeControl "1800+10"]

1. Nf3 d5 2. d4 Nf6 3. c4 c6 4. g3 Bf5 5. Bg2 e6 6. Nc3 Nbd7 7. Nh4 Be4 8.
Nxe4 Nxe4 9. O-O Be7 10. Nf3 dxc4 11. Qc2 Nd6 12. Ne5 Nb6 13. a4 a5 14. b3
cxb3 15. Qxb3 Nd5 16. Ba3 Rb8 17. e4 Nb4 18. Bxb4 axb4 19. Nd3 O-O 20. Rfd1
Qa5 21. Qxb4 Qxb4 22. Nxb4 Rfc8 23. Nd3 Nc4 24. Rab1 Rd8 25. Nc5 Na5 26. Kf1
e5 27. Nb3 Nxb3 28. Rxb3 exd4 29. Rdb1 Bf8 30. Rxb7 Rxb7 31. Rxb7 g6 32. e5
d3 33. Ke1 c5 34. f4 c4 35. Kd2 Rc8 36. Bd5 c3+ {White forfeits on time} 0-1

[Event "ICC tourney 2891 (30 10)"]
[Site "Internet Chess Club"]
[Date "2022.04.23"]
[Round "3"]
[White "SEBBA, AMITAI:Amitai"]
[Black "WANG, ALEXANDER J:ickyquarter"]
[Result "0-1"]
[ICCResult "White forfeits on time"]
[WhiteElo "1723"]
[BlackElo "1918"]
[Opening "Sicilian: Smith-Morra gambit"]
[ECO "B21"]
[NIC "SI.48"]
[Time "16:00:52"]
[PlyCount "108"]
[TimeControl "1800+10"]

1. e4 c5 2. d4 cxd4 3. c3 dxc3 4. Nxc3 d6 5. Bc4 Nc6 6. Nf3 e6 7. O-O Nf6 8.
Qe2 Be7 9. Rd1 e5 10. h3 O-O 11. Be3 a6 12. Rac1 h6 13. Bb3 Be6 14. Nd5 Bxd5
15. exd5 Nb8 16. a4 Nbd7 17. a5 Qxa5 18. Ra1 Qd8 19. Nd2 Rc8 20. Nc4 Nc5 21.
Bc2 Qc7 22. Rac1 b5 23. Na3 Qd7 24. b4 Nce4 25. Rd3 Nc3 26. Qd2 Nce4 27. Qe2
Qb7 28. Bb3 Rxc1+ 29. Bxc1 Rc8 30. Bb2 Ng5 31. Qd1 Ngh7 32. Nc2 Nf8 33. Ne3
Qd7 34. Qa1 Ra8 35. Rc3 g6 36. Qa5 Bd8 37. Qa1 Qb7 38. Rc6 Ne8 39. Ng4 h5
40. Ne3 Bb6 41. Qc1 Rd8 42. Qc3 Bd4 43. Qc2 Bxb2 44. Qxb2 Rc8 45. Qc3 Rc7
46. Kf1 Nd7 47. Ke2 Nb8 48. Rxc7 Qxc7 49. Qd3 Nd7 50. g3 Nef6 51. f4 exf4
52. gxf4 Qc1 53. f5 Ne5 54. Qd2 Qh1 {White forfeits on time} 0-1

[Event "ICC tourney 2891 (30 10)"]
[Site "Internet Chess Club"]
[Date "2022.04.23"]
[Round "3"]
[White "PU, LANDON:landonp"]
[Black "DAS, ROHAN:caracal"]
[Result "1/2-1/2"]
[ICCResult "Game drawn by mutual agreement"]
[WhiteElo "1643"]
[BlackElo "1878"]
[Opening "Ruy Lopez: closed, Breyer, Borisenko variation"]
[ECO "C95"]
[NIC "RL.25"]
[Time "16:00:46"]
[PlyCount "87"]
[TimeControl "1800+10"]

1. e4 e5 2. Nf3 Nc6 3. Bb5 a6 4. Ba4 Nf6 5. O-O Be7 6. Re1 b5 7. Bb3 O-O 8.
c3 d6 9. h3 Nb8 10. d4 Nbd7 11. Bxf7+ Rxf7 12. Ng5 Nf8 13. Qb3 Qe8 14. Nd2
h6 15. Nxf7 Qxf7 16. Qxf7+ Kxf7 17. Nf3 Bb7 18. dxe5 Nxe4 19. exd6 Bxd6 20.
Nd4 Kf6 21. Be3 c5 22. Nf3 Ne6 23. Rad1 Rf8 24. Nh2 h5 25. f3 Bg3 26. fxe4
Bxe1 27. e5+ Kxe5 28. Rxe1 Kd6 29. Rd1+ Kc7 30. Nf1 g6 31. Bh6 Rf7 32. Be3
Rd7 33. Rxd7+ Kxd7 34. Nd2 Kd6 35. Kf2 Bd5 36. b3 c4 37. b4 Bb7 38. Nf1 Ke5
39. Nd2 Nf4 40. Bxf4+ Kxf4 41. g3+ Ke5 42. Ke3 Bg2 43. h4 Bd5 44. a3
{Game drawn by mutual agreement}
1/2-1/2

[Event "ICC tourney 2891 (30 10)"]
[Site "Internet Chess Club"]
[Date "2022.04.23"]
[Round "4"]
[White "WANG, JACOB S:JACOBCHESS857"]
[Black "KHAIS, STEVEN:methodX17"]
[Result "1-0"]
[ICCResult "Black resigns"]
[WhiteElo "1397"]
[BlackElo "1501"]
[Opening "Sicilian"]
[ECO "B50"]
[NIC "SI.01"]
[Time "18:02:03"]
[PlyCount "107"]
[TimeControl "1800+10"]

1. e4 c5 2. Nf3 d6 3. c3 g6 4. Be2 Bg7 5. O-O e5 6. Re1 Nf6 7. d4 cxd4 8.
cxd4 O-O 9. dxe5 dxe5 10. Nc3 Qxd1 11. Rxd1 Nc6 12. Bg5 h6 13. Be3 Be6 14.
Bc5 Rfd8 15. Bd6 Nd7 16. Nb5 Nd4 17. Nfxd4 exd4 18. Nxd4 Nb6 19. Nxe6 fxe6
20. e5 Nd5 21. Bf3 Re8 22. Bxd5 exd5 23. Rxd5 Rac8 24. Rad1 Rc2 25. R5d2 Rc4
26. Re2 Rcc8 27. f4 Bf8 28. Bxf8 Rxf8 29. g3 Rfe8 30. Kg2 Re6 31. Red2 Rec6
32. Rd8+ Rxd8 33. Rxd8+ Kf7 34. Rd7+ Ke6 35. Rxb7 Rc2+ 36. Kf3 Rxh2 37. a4
h5 38. b3 h4 39. gxh4 Rxh4 40. Kg3 Rh1 41. Rxa7 Rb1 42. Ra6+ Kf5 43. Rf6+
Ke4 44. e6 Rxb3+ 45. Kg4 Rb8 46. e7 Re8 47. Re6+ Kd5 48. Re5+ Kd6 49. Kg5
Kd7 50. Kf6 Rh8 51. e8=Q+ Rxe8 52. Rxe8 Kxe8 53. Kxg6 Kf8 54. a5 {Black
resigns} 1-0

[Event "ICC tourney 2891 (30 10)"]
[Site "Internet Chess Club"]
[Date "2022.04.23"]
[Round "4"]
[White "WONG, ANDREW YUN:chessboy2020"]
[Black "MCROBERTS, HOLLY:QueenHM"]
[Result "1-0"]
[ICCResult "Black checkmated"]
[WhiteElo "1733"]
[BlackElo "1300"]
[Opening "Sicilian: dragon, Yugoslav attack, 9.Bc4"]
[ECO "B77"]
[NIC "SI.18"]
[Time "18:02:00"]
[PlyCount "63"]
[TimeControl "1800+10"]

1. e4 c5 2. Nf3 d6 3. d4 cxd4 4. Nxd4 Nf6 5. Nc3 g6 6. Be3 Bg7 7. f3 O-O 8.
Qd2 Nc6 9. Bc4 a6 10. O-O-O Nxd4 11. Bxd4 b5 12. Bb3 Be6 13. Kb1 Rc8 14. h4
h5 15. g4 b4 16. Nd5 Bxd5 17. exd5 a5 18. Bxf6 Bxf6 19. gxh5 Kg7 20. hxg6
fxg6 21. Rdg1 Kf7 22. Qh6 Rg8 23. h5 g5 24. Qh7+ Rg7 25. Qf5 Qh8 26. Qe6+
Ke8 27. Qxc8+ Kf7 28. Qxh8 Rg8 29. Qh7+ Rg7 30. Qf5 Ke8 31. h6 Rf7 32. Qc8#
{Black checkmated}
1-0

[Event "ICC tourney 2891 (30 10)"]
[Site "Internet Chess Club"]
[Date "2022.04.23"]
[Round "4"]
[White "DAS, ROHAN:caracal"]
[Black "Doan Giang, Nguyen Doan:Doctorstrange04"]
[Result "1-0"]
[ICCResult "Black resigns"]
[WhiteElo "1878"]
[BlackElo "1821"]
[Opening "King's Indian, 3.Nf3"]
[ECO "E60"]
[NIC "QP.06"]
[Time "18:01:59"]
[PlyCount "85"]
[TimeControl "1800+10"]

1. d4 Nf6 2. Nf3 g6 3. c4 c5 4. Nc3 Bg7 5. e4 cxd4 6. Nxd4 Nc6 7. Nxc6 bxc6
8. Be2 O-O 9. O-O d6 10. Rb1 Nd7 11. Be3 Qc7 12. f4 Ba6 13. Bd4 Bxd4+ 14.
Qxd4 Qb6 15. Qxb6 Nxb6 16. b3 d5 17. exd5 cxd5 18. c5 Bxe2 19. Nxe2 Nd7 20.
b4 a5 21. a3 axb4 22. axb4 Ra2 23. Nc3 Rd2 24. Rfd1 Rxd1+ 25. Rxd1 e6 26.
Ne2 Rb8 27. c6 Nb6 28. Nd4 Kf8 29. Ra1 Ra8 30. Rxa8+ Nxa8 31. g4 Ke7 32. g5
Kd6 33. Kf2 e5 34. fxe5+ Kxe5 35. Ke3 f6 36. Nf3+ Ke6 37. gxf6 Kxf6 38. Kd4
Ke6 39. Kc5 Nc7 40. b5 h6 41. b6 Na6+ 42. Kb5 Nb8 43. c7 {Black resigns} 1-0

[Event "ICC tourney 2891 (30 10)"]
[Site "Internet Chess Club"]
[Date "2022.04.23"]
[Round "4"]
[White "YUAN, SERENA:doudou2011"]
[Black "WAKIDA, KEN:Yamato1945"]
[Result "1-0"]
[ICCResult "Black resigns"]
[WhiteElo "1651"]
[BlackElo "1629"]
[Opening "Bogo-Indian defense"]
[ECO "E11"]
[NIC "QI.01"]
[Time "18:02:01"]
[PlyCount "58"]
[TimeControl "1800+10"]

1. d4 Nf6 2. Nf3 e6 3. c4 Bb4+ 4. Bd2 Bxd2+ 5. Nbxd2 O-O 6. g3 b6 7. Bg2 Bb7
8. O-O h6 9. Qc2 Qe7 10. e4 d5 11. cxd5 exd5 12. e5 Ne4 13. Nxe4 dxe4 14.
Nd2 Rd8 15. Nxe4 Bxe4 16. Bxe4 c6 17. Rfd1 Rc8 18. Rac1 Qe8 19. d5 Qxe5 20.
dxc6 Qc7 21. Bf5 Re8 22. Rd7 Qe5 23. c7 Nxd7 24. Bxd7 Rec8 25. Bxc8 Rxc8 26.
Qc6 Qxb2 27. Rd1 Qf6 28. Qxf6 gxf6 29. Rd8+ Rxd8 {Black resigns} 1-0

[Event "ICC tourney 2891 (30 10)"]
[Site "Internet Chess Club"]
[Date "2022.04.23"]
[Round "4"]
[White "JIN, JERRY:MysteryHunter"]
[Black "SEBBA, AMITAI:Amitai"]
[Result "1-0"]
[ICCResult "Black resigns"]
[WhiteElo "1595"]
[BlackElo "1723"]
[Opening "Sicilian: Nimzovich-Rossolimo attack (without ...d6)"]
[ECO "B30"]
[NIC "SI.31"]
[Time "18:02:02"]
[PlyCount "49"]
[TimeControl "1800+10"]

1. e4 c5 2. Nf3 Nc6 3. Bb5 e6 4. O-O Nge7 5. Re1 a6 6. Bf1 b5 7. c3 Bb7 8.
d4 cxd4 9. cxd4 d5 10. e5 Ng6 11. a3 Rc8 12. Nc3 Be7 13. Be3 O-O 14. Nd2 f6
15. f4 fxe5 16. fxe5 Bh4 17. g3 Bg5 18. Qg4 Bxe3+ 19. Rxe3 Qe7 20. Nf3 Rcd8
21. Rd1 Rde8 22. Ng5 Rf5 23. h4 Ref8 24. Bd3 Rf2 25. Qh5 {Black resigns} 1-0

[Event "ICC tourney 2891 (30 10)"]
[Site "Internet Chess Club"]
[Date "2022.04.23"]
[Round "4"]
[White "Pym, Joshua:Joshua-Pym"]
[Black "GUO, ELLA:SunnyCountry"]
[Result "1-0"]
[ICCResult "Black resigns"]
[WhiteElo "1680"]
[BlackElo "1324"]
[Opening "Sicilian: Najdorf, Byrne (English) attack"]
[ECO "B90"]
[NIC "SI.14"]
[Time "18:02:00"]
[PlyCount "82"]
[TimeControl "1800+10"]

1. e4 c5 2. Nf3 d6 3. d4 cxd4 4. Nxd4 Nf6 5. Nc3 a6 6. Be3 e6 7. f3 Nc6 8.
Qd2 Be7 9. O-O-O Qc7 10. Kb1 b5 11. b3 Bb7 12. g4 Rc8 13. Nce2 h6 14. h4 d5
15. Nxc6 Bxc6 16. e5 Nd7 17. Bf4 Bb7 18. Nd4 b4 19. Bd3 Nxe5 20. Rhe1 Bd6
21. Bxe5 Bxe5 22. Qxb4 Bxd4 23. Qxd4 O-O 24. g5 Qc5 25. Qg4 f5 26. gxf6 Rxf6
27. Rxe6 Rcf8 28. Rde1 d4 29. Rxf6 Rxf6 30. Re8+ Rf8 31. Qe6+ Kh8 32. Qg6
Kg8 33. Bc4+ Bd5 34. Rxf8+ Kxf8 35. Qf5+ Ke7 36. Bxd5 Qc3 37. Qe6+ Kd8 38.
Qd6+ Ke8 39. Qc6+ Qxc6 40. Bxc6+ Ke7 41. Kc1 g5 {Black resigns} 1-0

[Event "ICC tourney 2891 (30 10)"]
[Site "Internet Chess Club"]
[Date "2022.04.23"]
[Round "4"]
[White "Tang, Austin:Mrpeetapizza"]
[Black "Stetsenko, Roman:Ilyastet"]
[Result "0-1"]
[ICCResult "White resigns"]
[WhiteElo "1835"]
[BlackElo "1900"]
[Opening "Caro-Kann: advance variation"]
[ECO "B12"]
[NIC "CK.04"]
[Time "18:02:03"]
[PlyCount "148"]
[TimeControl "1800+10"]

1. e4 c6 2. d4 d5 3. e5 Bf5 4. h4 h5 5. Bd3 Bxd3 6. Qxd3 Qa5+ 7. c3 e6 8.
Ne2 Qa6 9. Qc2 Ne7 10. O-O Nf5 11. g3 c5 12. Rd1 Nc6 13. Nf4 cxd4 14. Nxd5
O-O-O 15. Nb4 Bxb4 16. cxb4 Kb8 17. Qb3 Qb6 18. Bg5 Rd7 19. b5 Nxe5 20. Bf4
Qc5 21. Nd2 Ka8 22. b6 a6 23. Rac1 Qd5 24. Qxd5 Rxd5 25. Rc7 f6 26. Bxe5
fxe5 27. Rdc1 Rdd8 28. Kg2 Kb8 29. Ne4 Nd6 30. Nxd6 Rxd6 31. Rxg7 d3 32. Rd1
e4 33. b3 Rxb6 34. Rd7 e5 35. f3 exf3+ 36. Kxf3 Rb4 37. Ke3 e4 38. Rd4 Rxd4
39. Kxd4 Re8 40. Ke3 Kc7 41. Rf1 Kd6 42. Rf7 Re7 43. Rf5 Re5 44. Rf7 Rd5 45.
Kd2 e3+ 46. Kd1 d2 47. Rf1 Ke5 48. Ke2 Kd4 49. Rf3 Re5 50. Rf4+ Kc3 51. Rc4+
Kb2 52. Rd4 Kxa2 53. g4 hxg4 54. Rxg4 Kxb3 55. Rd4 Kc3 56. Rd8 Re4 57. h5
Re6 58. Rc8+ Kb3 59. Rd8 a5 60. h6 Rxh6 61. Kxe3 Rh2 62. Rd5 Kb4 63. Rd4+
Kb5 64. Rd8 a4 65. Kf3 a3 66. Kg3 a2 67. Kxh2 a1=Q 68. Rxd2 Qe5+ 69. Kh1
Qe4+ 70. Kg1 Qe3+ 71. Rf2 Kc4 72. Kg2 Kc3 73. Rf7 Qe4+ 74. Kg1 Qg6+
{White resigns}
0-1

[Event "ICC tourney 2891 (30 10)"]
[Site "Internet Chess Club"]
[Date "2022.04.23"]
[Round "4"]
[White "ZHENG, ZHAOXIONG:normzheng"]
[Black "OPASKA, MICHAEL:mopaska1106"]
[Result "1/2-1/2"]
[ICCResult "Game drawn by mutual agreement"]
[WhiteElo "1719"]
[BlackElo "1778"]
[Opening "Dutch: Leningrad, main variation with c6"]
[ECO "A88"]
[NIC "HD.06"]
[Time "18:01:59"]
[PlyCount "102"]
[TimeControl "1800+10"]

1. d4 f5 2. g3 Nf6 3. Bg2 g6 4. Nf3 Bg7 5. O-O O-O 6. c4 d6 7. Nc3 c6 8. b3
Ne4 9. Bb2 d5 10. Qc2 Nd7 11. c5 e5 12. Nxe5 Nxe5 13. dxe5 Bxe5 14. b4 Qe7
15. e3 Bg7 16. Ne2 Bxb2 17. Qxb2 Bd7 18. Nd4 g5 19. Rae1 Rae8 20. Qc2 Qe5
21. f3 Nf6 22. f4 gxf4 23. gxf4 Qc7 24. Nxf5 Ng4 25. Nd6 Rxe3 26. Qd2 Rxe1
27. Rxe1 Qd8 28. h3 Nh6 29. Qf2 Qf6 30. Nxb7 Nf5 31. Kh2 Qc3 32. Nd6 Qxb4
33. Nxf5 Bxf5 34. Re7 Bg6 35. Rxa7 Qxf4+ 36. Qxf4 Rxf4 37. Rc7 Rf2 38. Kg3
Rxa2 39. Rxc6 Be4 40. Bxe4 dxe4 41. Kf4 e3 42. Kxe3 Ra3+ 43. Kf4 Rxh3 44.
Rd6 Rc3 45. c6 Kg7 46. Rd7+ Kg6 47. c7 h5 48. Rd6+ Kf7 49. Rd7+ Ke6 50. Rh7
Kd6 51. Rxh5 Rxc7 {Game drawn by mutual agreement} 1/2-1/2

[Event "ICC tourney 2891 (30 10)"]
[Site "Internet Chess Club"]
[Date "2022.04.23"]
[Round "4"]
[White "WANG, ALEXANDER J:ickyquarter"]
[Black "HO, COOPER:arsenicblast"]
[Result "0-1"]
[ICCResult "White resigns"]
[WhiteElo "1918"]
[BlackElo "1842"]
[Opening "Sicilian: Anderssen variation"]
[ECO "B41"]
[NIC "SI.41"]
[Time "18:02:00"]
[PlyCount "106"]
[TimeControl "1800+10"]

1. e4 c5 2. Nf3 e6 3. d4 cxd4 4. Nxd4 Nf6 5. Nc3 Nc6 6. g3 Bb4 7. Bg2 O-O 8.
O-O d6 9. h3 e5 10. Nde2 Be6 11. Nd5 Bc5 12. Bg5 Bxd5 13. exd5 Nd4 14. Nxd4
Bxd4 15. c3 Bc5 16. Kh1 h6 17. Bxf6 Qxf6 18. Qg4 Qd8 19. Be4 Qc8 20. Bf5 Qc7
21. f4 a5 22. Be4 Qc8 23. Bf5 Qc7 24. Rae1 exf4 25. Rxf4 Rae8 26. Ref1 Qe7
27. Be4 Be3 28. Re1 Bxf4 29. Bh7+ Kxh7 30. Rxe7 Rxe7 31. Qxf4 Re5 32. c4
Rfe8 33. h4 Kg8 34. b3 Re1+ 35. Kg2 R8e5 36. Kh3 h5 37. Kg2 R1e4 38. Qf3
Re2+ 39. Kf1 Rxa2 40. Qd3 Rae2 41. c5 R2e3 42. Qb5 Rxd5 43. Qxb7 Rxc5 44.
Qb8+ Kh7 45. Qxd6 Rf5+ 46. Kg2 Rxb3 47. Qd7 Rb2+ 48. Kg1 g6 49. Qa7 Ra2 50.
Qb7 a4 51. Qa7 a3 52. Qb7 Rb2 53. Qa6 a2 {White resigns} 0-1

[Event "ICC tourney 2891 (30 10)"]
[Site "Internet Chess Club"]
[Date "2022.04.23"]
[Round "4"]
[White "Elkon, Alex N:Sprinless"]
[Black "PU, LANDON:landonp"]
[Result "0-1"]
[ICCResult "White forfeits on time"]
[WhiteElo "1605"]
[BlackElo "1643"]
[Opening "Four knights: Spanish, classical defense"]
[ECO "C48"]
[NIC "KP.03"]
[Time "18:01:59"]
[PlyCount "96"]
[TimeControl "1800+10"]

1. e4 e5 2. Nf3 Nc6 3. Nc3 Nf6 4. Bb5 Bc5 5. O-O O-O 6. d3 d6 7. Bg5 h6 8.
Bxf6 Qxf6 9. Nd5 Qd8 10. h3 f5 11. Nc3 Be6 12. Bxc6 bxc6 13. exf5 Bxf5 14.
Nd2 Qg5 15. Nce4 Qg6 16. Kh2 Bb6 17. a4 Bxe4 18. Nxe4 d5 19. a5 dxe4 20.
axb6 exd3 21. bxc7 dxc2 22. Qe2 Qd6 23. Qc4+ Kh8 24. Qxc2 Qxc7 25. Ra6 Rf6
26. Rc1 Rc8 27. Qc5 Qb7 28. Rxa7 Qxb2 29. Qe7 Rg8 30. Rg1 Qxf2 31. Ra4 Qf5
32. Re1 Re6 33. Qc7 e4 34. Ra5 Qf6 35. Re3 Re7 36. Qg3 Rc8 37. Ra4 Qf5 38.
Qh4 Rce8 39. Rc4 Qd5 40. Rcc3 c5 41. Qg4 c4 42. Ra3 Rc7 43. Rg3 Qe5 44. Kh1
c3 45. Ra1 c2 46. Rc1 Qb2 47. Qf4 Rce7 48. Re1 e3 {White forfeits on time}
0-1

[Event "ICC tourney 2891 (30 10)"]
[Site "Internet Chess Club"]
[Date "2022.04.23"]
[Round "5"]
[White "GUO, ELLA:SunnyCountry"]
[Black "REVESZ, GREGORY:GRevesz"]
[Result "1-0"]
[ICCResult "Black resigns"]
[WhiteElo "1324"]
[BlackElo "1866"]
[Opening "Owen defense"]
[ECO "B00"]
[NIC "VO.01"]
[Time "20:00:42"]
[PlyCount "49"]
[TimeControl "1800+10"]

1. e4 b6 2. d4 Bb7 3. Nc3 e6 4. Nf3 Bb4 5. Bd3 d5 6. exd5 exd5 7. O-O Ne7 8.
a3 Bxc3 9. bxc3 Nbc6 10. Re1 f6 11. c4 Na5 12. cxd5 Bxd5 13. Bf4 Qd7 14. Be4
O-O-O 15. Qd3 g5 16. Bd2 Bc4 17. Qe3 f5 18. Bd3 f4 19. Qxe7 Bxd3 20. Qxd7+
Rxd7 21. cxd3 Nc6 22. Bc3 g4 23. Ne5 Nxe5 24. Rxe5 c5 25. Re4 {Black
resigns} 1-0

[Event "ICC tourney 2891 (30 10)"]
[Site "Internet Chess Club"]
[Date "2022.04.23"]
[Round "5"]
[White "PU, LANDON:landonp"]
[Black "WANG, ALEXANDER J:ickyquarter"]
[Result "0-1"]
[ICCResult "White checkmated"]
[WhiteElo "1643"]
[BlackElo "1918"]
[Opening "Sicilian: dragon variation"]
[ECO "B70"]
[NIC "SI.15"]
[Time "20:00:13"]
[PlyCount "48"]
[TimeControl "1800+10"]

1. e4 c5 2. Nf3 d6 3. d4 cxd4 4. Nxd4 Nf6 5. Nc3 g6 6. Bc4 Bg7 7. Bb3 O-O 8.
f3 Nc6 9. Be3 Bd7 10. Qd2 Rc8 11. O-O-O Ne5 12. g4 b5 13. h4 a5 14. a3 b4
15. Na2 bxa3 16. bxa3 a4 17. Bd5 Nxd5 18. exd5 Nc4 19. Qd3 Qc7 20. Nb4 Ne5
21. Qe2 Qc3 22. Nd3 Nc4 23. Kb1 Rb8+ 24. Ka2 Qxa3# {White checkmated} 0-1

[Event "ICC tourney 2891 (30 10)"]
[Site "Internet Chess Club"]
[Date "2022.04.23"]
[Round "5"]
[White "Pym, Joshua:Joshua-Pym"]
[Black "Tang, Austin:Mrpeetapizza"]
[Result "0-1"]
[ICCResult "White checkmated"]
[WhiteElo "1680"]
[BlackElo "1835"]
[Opening "Sicilian"]
[ECO "B56"]
[NIC "SI.25"]
[Time "20:00:16"]
[PlyCount "98"]
[TimeControl "1800+10"]

1. e4 c5 2. Nf3 d6 3. d4 cxd4 4. Nxd4 Nf6 5. Nc3 Nc6 6. Be3 Ng4 7. Qd2 Nxe3
8. Qxe3 g6 9. Bc4 Bg7 10. Nxc6 bxc6 11. O-O O-O 12. Rad1 Qb6 13. Qxb6 axb6
14. Rd3 b5 15. Bb3 b4 16. Ne2 Bxb2 17. Re1 c5 18. Nf4 Ba6 19. Rf3 Bc3 20.
Rd1 e5 21. Bd5 exf4 22. Bxa8 Be2 23. Rxc3 Bxd1 24. Rd3 Be2 25. Rd2 Rxa8 26.
Rxe2 Rxa2 27. Kf1 Ra1+ 28. Re1 Rxe1+ 29. Kxe1 Kf8 30. Kd2 c4 31. f3 Ke7 32.
h3 Kf6 33. Ke2 Ke5 34. Kd2 Kd4 35. h4 c3+ 36. Ke2 Kc4 37. Kd1 b3 38. Kc1 b2+
39. Kb1 Kd4 40. Ka2 Ke3 41. h5 gxh5 42. e5 dxe5 43. g3 fxg3 44. f4 exf4 45.
Kb1 Kd2 46. Ka2 Kxc2 47. Ka3 b1=Q 48. Ka4 Qb6 49. Ka3 Qa5# {White
checkmated} 0-1

[Event "ICC tourney 2891 (30 10)"]
[Site "Internet Chess Club"]
[Date "2022.04.23"]
[Round "5"]
[White "WAKIDA, KEN:Yamato1945"]
[Black "WANG, JACOB S:JACOBCHESS857"]
[Result "1-0"]
[ICCResult "Black resigns"]
[WhiteElo "1629"]
[BlackElo "1397"]
[Opening "QGD: exchange, positional line"]
[ECO "D35"]
[NIC "QO.16"]
[Time "20:01:51"]
[PlyCount "103"]
[TimeControl "1800+10"]

1. d4 d5 2. c4 e6 3. Nc3 Nf6 4. cxd5 exd5 5. Bg5 Bb4 6. e3 O-O 7. Nf3 h6 8.
Bh4 Bg4 9. h3 Bxf3 10. Qxf3 Nbd7 11. Bd3 c6 12. O-O Qc7 13. Rac1 Qd6 14. Bg3
Qe7 15. Bh4 Rfe8 16. Bf5 Nf8 17. Bd3 Ng6 18. Bxf6 Qxf6 19. Qxf6 gxf6 20. a3
Bxc3 21. Rxc3 Ne7 22. Rb3 Rab8 23. Rc1 Kg7 24. Kh2 f5 25. Kg3 Kf6 26. h4
Rg8+ 27. Kh3 b6 28. Rbc3 Rbc8 29. Ba6 Rc7 30. b4 Rg4 31. b5 Rg8 32. bxc6 Ke6
33. g3 Kd6 34. Bd3 Ke6 35. Kg2 Rgc8 36. Ba6 Rd8 37. Kf3 Rg8 38. Bd3 Rg7 39.
Kf4 Ng6+ 40. Kf3 Ne7 41. Bb5 Rg8 42. a4 Kd6 43. Kf4 Rg4+ 44. Kf3 Rg8 45. Bd3
Ke6 46. Bb5 Kd6 47. R1c2 Rgc8 48. Kf4 Rg8 49. Ra3 a6 50. Bxa6 Nxc6 51. Rac3
Rgc8 52. Bxc8 {Black resigns} 1-0

[Event "ICC tourney 2891 (30 10)"]
[Site "Internet Chess Club"]
[Date "2022.04.23"]
[Round "5"]
[White "WONG, ANDREW YUN:chessboy2020"]
[Black "JIN, JERRY:MysteryHunter"]
[Result "1-0"]
[ICCResult "Black checkmated"]
[WhiteElo "1733"]
[BlackElo "1595"]
[Opening "Sicilian: Najdorf"]
[ECO "B90"]
[NIC "SI.14"]
[Time "20:00:17"]
[PlyCount "123"]
[TimeControl "1800+10"]

1. e4 c5 2. Nf3 d6 3. d4 cxd4 4. Nxd4 Nf6 5. Nc3 a6 6. f3 e5 7. Nb3 Be6 8.
Be3 h5 9. Qd2 Nbd7 10. O-O-O Rc8 11. Kb1 b5 12. h3 h4 13. Nd5 Bxd5 14. exd5
Nb6 15. Bxb6 Qxb6 16. Na5 g6 17. c4 Bh6 18. Qb4 Qc5 19. Qxc5 Rxc5 20. b4 Rc8
21. cxb5 axb5 22. Bxb5+ Nd7 23. Nc4 Ke7 24. Bc6 Rb8 25. b5 Nc5 26. Kc2 Nb7
27. a4 Rhc8 28. Rb1 Bf4 29. a5 Rc7 30. b6 Rcc8 31. a6 Nd8 32. Na5 Be3 33. a7
Rxb6 34. a8=Q Rxa8 35. Bxa8 Ra6 36. Nc6+ Nxc6 37. Bxc6 Ra2+ 38. Rb2 Rxb2+
39. Kxb2 Bd4+ 40. Kc2 Kf6 41. Kd3 Kf5 42. Rc1 Kf4 43. Ke2 Kg3 44. Kf1 Bb2
45. Rc2 Ba3 46. Be8 f5 47. Bxg6 f4 48. Rc8 Kh2 49. Rh8 Kg3 50. Ra8 Bc5 51.
Ra5 Bb4 52. Rb5 Ba3 53. Be4 Bc1 54. Rb6 Ba3 55. Rc6 Bb4 56. Kg1 Ba3 57. Rc8
Bc5+ 58. Rxc5 dxc5 59. d6 c4 60. d7 c3 61. d8=Q c2 62. Qg5# {Black
checkmated} 1-0

[Event "ICC tourney 2891 (30 10)"]
[Site "Internet Chess Club"]
[Date "2022.04.23"]
[Round "5"]
[White "MCROBERTS, HOLLY:QueenHM"]
[Black "Elkon, Alex N:Sprinless"]
[Result "1-0"]
[ICCResult "Black resigns"]
[WhiteElo "1300"]
[BlackElo "1605"]
[Opening "Caro-Kann: Hillbilly attack"]
[ECO "B10"]
[NIC "CK.01"]
[Time "20:00:20"]
[PlyCount "105"]
[TimeControl "1800+10"]

1. e4 c6 2. Bc4 d5 3. Bb3 d4 4. Qh5 e6 5. d3 Nf6 6. Qh4 Be7 7. Bg5 h6 8. Nf3
c5 9. Nbd2 Nc6 10. e5 Nd7 11. Ne4 Bxg5 12. Nfxg5 Ndxe5 13. f4 Ng6 14. Qg3
hxg5 15. Nxg5 Qa5+ 16. Ke2 Nh4 17. Ne4 Nf5 18. Qg5 Bd7 19. g4 Nfe7 20. Nd6+
Kf8 21. f5 f6 22. fxe6 Rh3 23. Raf1 Re3+ 24. Kd1 Ne5 25. Rxf6+ Kg8 26. exd7+
c4 27. dxc4 Rxb3 28. cxb3 Qxa2 29. Rhf1 Qb1+ 30. Ke2 Qxb2+ 31. Kd1 Qxb3+ 32.
Kd2 Qc3+ 33. Kd1 Qb3+ 34. Ke2 d3+ 35. Kf2 Qb2+ 36. Kg3 N5g6 37. Rxg6 Qc3 38.
Rxg7+ Qxg7 39. Qxg7+ Kxg7 40. Rf7+ Kg6 41. Rxe7 d2 42. Re6+ Kg7 43. Nf5+ Kf7
44. Rd6 Rd8 45. Rxd2 a5 46. h4 Ke6 47. Nd4+ Ke5 48. Nb5 Ke4 49. h5 Ke3 50.
Rd6 a4 51. h6 Rf8 52. d8=Q Rf3+ 53. Kh4 {Black resigns} 1-0